 Dungeon Crawl Stone Soup version 0.29.0-4-gdea44cf6ec (webtiles) character file.

Game seed: 4638044593084954870

81948 PieDemon the Stormcaller (level 16, 0/141 HPs)
             Began as a Meteoran Air Elementalist on Aug 27, 2022.
             Was an Elder of Ashenzari.
             Killed by their own static electricity (2 damage)
             ... on level 3 of the Snake Pit.
             The game lasted 01:49:17 (4215 turns).

PieDemon the Stormcaller (MeAE)                     Turns: 4215, Time: 01:49:17

Health: 0/141      AC: 11    Str: 13    XL:     16   Next: 69%
Magic:  6/42       EV: 19    Int: 35    God:    Ashenzari [****..]
Gold:   508        SH:  9    Dex: 16    Spells: 19/40 levels left

rFire   + . .      SeeInvis +   a - +5 short sword "Pangnostic Oblivion" {vorpal, rF+ Str+4, Range, Cun} (curse)
rCold   + . .      Faith    .   L - +0 kite shield {rC+}
rNeg    + . .      Spirit   .   j - +2 robe {rN+}
rPois   x          Reflect  .   w - +1 helmet "Visionary of Ashenzari" {Bglg, Elem} (curse)
rElec   +          Harm     .   I - +0 cloak
rCorr   .          Rampage  .   K - +2 pair of gloves "Overhang to Understand" {Alch, Self} (curse)
Will    ++...      Clarity  +   z - +0 pair of boots "I Foresaw This" {rElec Int+4, Elem, Comp} (curse)
Stlth   +.........              (no amulet)
HPRegen 0.33/turn               k - ring "Share My Stickiness" {Int+6, Bglg, Elem} (curse)
MPRegen 0.28/turn               m - ring "Ennui of the Lashed God" {MP+9, Cun, Range} (curse)

@: lethally poisoned (0 -> -41), swift, poison vulnerable, glowing, quick
A: sense surroundings 2, otherworldly, glowing, explore regen
a: Renounce Religion, Shatter the Chains


You were on level 3 of the Snake Pit.
You worshipped Ashenzari.
Ashenzari was greatly pleased with you.
You visited 5 branches of the dungeon, and saw 20 of its levels.
You also visited: Bailey.

You collected 636 gold pieces.
You spent 128 gold pieces at shops.

Inventory:

Hand Weapons
 a - the cursed +5 short sword "Pangnostic Oblivion" (weapon) {vorpal, rF+ Str+4, Range, Cun}
   (You bought it in a shop on level 5 of the Dungeon)

   It inflicts extra damage upon your enemies.
   Str:       It affects your strength (+4).
   rF:        It protects you from fire.
   It has a curse which improves the following skills: Ranged Combat: Ranged
   Weapons and Throwing.
   Cunning:   Dodging and Stealth.
 b - the +9 whip of Inconvenience {venom, rElec rC- Will++ Int-5}
   (You found it on level 7 of the Dungeon)

   It poisons the flesh of those it strikes.
   Int:       It affects your intelligence (-5).
   rC:        It makes you vulnerable to cold.
   rElec:     It insulates you from electricity.
   Will:      It greatly increases your willpower.
Missiles
 x - 16 boomerangs
 J - 5 curare-tipped darts
Armour
 c - a +0 buckler
 j - a +2 robe of positive energy (worn)
 w - the cursed +1 helmet "Visionary of Ashenzari" (worn) {Bglg, Elem}
   (You found it on level 5 of the Dungeon)

   It has a curse which improves the following skills: Beguiling: Conjurations,
   Hexes and Translocations.
   Elements:  Fire Magic, Ice Magic, Air Magic and Earth Magic.
 z - the cursed +0 pair of boots "I Foresaw This" (worn) {rElec Int+4, Elem, Comp}
   (You acquired it on level 8 of the Dungeon)

   Int:       It affects your intelligence (+4).
   rElec:     It insulates you from electricity.
   It has a curse which improves the following skills: Elements: Fire Magic, Ice
   Magic, Air Magic and Earth Magic.
   Companions: Summonings and Necromancy.
 I - a +0 cloak (worn)
 K - the cursed +2 pair of gloves "Overhang to Understand" (worn) {Alch, Self}
   (You found it on level 1 of the Shoals)

   It has a curse which improves the following skills: Alchemy: Poison Magic and
   Transmutations.
   Introspection: Fighting and Spellcasting.
 L - a +0 kite shield of cold resistance (worn)
Magical Staves
 B - a staff of cold
Jewellery
 k - the cursed ring "Share My Stickiness" (left hand) {Int+6, Bglg, Elem}
   (You found it on level 2 of the Dungeon)

   [ring of intelligence]

   Int:       It affects your intelligence (+6).
   It has a curse which improves the following skills: Beguiling: Conjurations,
   Hexes and Translocations.
   Elements:  Fire Magic, Ice Magic, Air Magic and Earth Magic.
 m - the cursed ring "Ennui of the Lashed God" (right hand) {MP+9, Cun, Range}
   (You found it on level 7 of the Dungeon)

   [ring of magical power]

   MP:        It affects your magic capacity (+9).
   It has a curse which improves the following skills: Cunning: Dodging and
   Stealth.
   Ranged Combat: Ranged Weapons and Throwing.
Wands
 g - a wand of roots (5)
 p - a wand of polymorph (4)
 G - a wand of flame (9)
 H - a wand of charming (7)
Scrolls
 e - a scroll of summoning
 f - 3 scrolls of butterflies
 i - 3 scrolls of teleportation
 l - 2 scrolls of vulnerability
 q - a scroll of brand weapon
 v - a scroll of enchant weapon
 A - 2 scrolls of magic mapping
 C - 2 scrolls of fear
 E - 2 scrolls of amnesia
Potions
 d - 3 potions of lignification
 h - a potion of magic
 o - a potion of attraction
 r - 2 potions of brilliance
 s - 3 potions of mutation
 t - 2 potions of flight
 u - a potion of cancellation
 D - a potion of might
 F - a potion of haste


   Skills:
 + Level 10.7(12.7) Fighting
 + Level 12.3(15.2) Dodging
 - Level 1.4(3.3) Stealth
 * Level 4.2 Shields
 + Level 10.9(12.9) Spellcasting
 - Level 11.6(14.5) Conjurations
 - Level 10.1(14.0) Fire Magic
 - Level 16.9(20.6) Air Magic
 - Level 12.0 Evocations


You had 19 spell levels left.
You knew the following spells:

 Your Spells              Type           Power      Damage    Failure   Level
a - Shock                 Conj/Air       100%       1d9       0%          1
b - Static Discharge      Conj/Air       98%        3-16/arc  0%          2
c - Swiftness             Air            100%       N/A       0%          3
d - Airstrike             Air            52%        2d(8-24)  0%          4
e - Iskenderun's Mystic   Conj/Tloc      66%        2d14      2%          4
f - Apportation           Tloc           50%        N/A       4%          1
g - Starburst             Conj/Fire      44%        6d12      2%          6

Your spell library contained the following spells:

 Spells                   Type           Power      Damage    Failure   Level
 Foxfire                  Conj/Fire      100%       2x1d9     0%          1
 Conjure Flame            Conj/Fire      89%        6-21      1%          3
 Dazzling Flash           Conj/Hex       100%       N/A       1%          3
 Inner Flame              Hex/Fire       64%        N/A       1%          3
 Flame Wave               Conj/Fire      89%        2d19      1%          4
 Hailstorm                Conj/Ice       66%        3d14      2%          4
 Beastly Appendage        Tmut           48%        N/A       4%          1
 Freeze                   Ice            100%       1d11      4%          1
 Necrotise                Necr           96%        1d8       4%          1
 Summon Small Mammal      Summ           96%        N/A       4%          1
 Wereblood                Tmut           24%        N/A       8%          2
 Frozen Ramparts          Ice            52%        1d8       13%         3
 Spider Form              Tmut/Pois      24%        N/A       14%         3


Dungeon Overview and Level Annotations

Branches:
Dungeon (10/15) Zot: 4277  Temple (1/1) D:5 Zot: 558    Lair (5/5) D:9 Zot: 1766
 Shoals (1/4) Lair:2 Zot: 579   Snake (3/4) Lair:3 Zot: 824   Slime (0/5) Lair:5
 Bailey (visited)
    Orc: D:9-12

Altars:
Ashenzari
Dithmenos
Elyvilon
Fedhas
Hepliaklqana
Makhleb
Nemelex Xobeh
Okawaru
Qazlal
Ru
Uskayaw
Vehumet
Wu Jian
Xom
Yredelemnul
Zin
The Shining One
Jiyva

Shops:
D:2 *   D:5 (   D:8 =   Snake:1 :   Snake:2 [!

Annotations:
D:1 exclusion: downstairs
D:2 exclusion: downstairs
D:3 1 transporter, Renzlar's ghost, amateur GnFi
D:8 2 runed translucent doors
Lair:3 exclusions: downstairs and upstairs
Snake:1 2 transporters, exclusion: downstairs
Snake:3 Aizul


Innate Abilities, Weirdness & Mutations

You passively map the area around you.
You are easily found by Zot.
You glow in the dark.
You regain HP and MP as you explore.


Message History

The naga warrior is moderately wounded.
The naga ritualist is struck by an arc of lightning!
The naga ritualist is almost dead.
Aizul is struck by an arc of lightning!!
Aizul is lightly wounded.
The lightning grounds out.
* * * LOW HITPOINT WARNING * * *
You feel extremely sick. Aizul misses you. The nagaraja spits poison at you.
The splash of poison hits you.
You are more poisoned.
* * * LOW HITPOINT WARNING * * *
You block the naga mage's attack. x2; Aizul closely misses you.
The naga ritualist invokes the aid of its god against you.
You resist with almost no effort.
Unknown command.
Casting: Static Discharge (safe; 0% risk of failure)
Confirm with . or Enter, or press ? or * to list all spells.
The naga mage is struck by an arc of lightning!
The naga mage is almost dead.
The nagaraja is struck by an arc of lightning!!
The nagaraja is severely wounded.
The lightning grounds out.
The nagaraja is struck by an arc of lightning!
The nagaraja is severely wounded.
The naga mage is struck by an arc of lightning!
You kill the naga mage!
The nagaraja is struck by an arc of lightning!
The nagaraja is almost dead.
You resist.
You are struck by an arc of lightning.
* * * LOW HITPOINT WARNING * * *
The nagaraja is struck by an arc of lightning!
You kill the nagaraja!
You resist.
You are struck by an arc of lightning.
* * * LOW HITPOINT WARNING * * *
The lightning grounds out.
Aizul is struck by an arc of lightning!
Aizul is lightly wounded.
You resist.
You are struck by an arc of lightning.
You die...

##############
#............#
#............#
#............#
*####............# *
................# , ,
#.....NN...).# ,
**#....)@S...<.##
***,,
####..)#####[########
##.S.#######........#
##.#######...[......#
, *
##.####*#..#........#
,
#.<.##*#......)#######
,*#..#{##*..#####.# ,
** ,###.S{ *#
#.####### ** ,*
{NN.,,* ##.......#


You could see Aizul, a naga warrior, a naga ritualist (strong) and a guardian
serpent.

Vanquished Creatures
  3 nagarajas
  An orc warlord (Bailey)
  A boulder beetle (Lair:4)
  2 hydras
  9 anacondas
  4 naga warriors
  5 death yaks (Lair:4)
  A shock serpent (Snake:1)
  6 naga sharpshooters
  Sonja (Lair:2)
  2 salamander mystics
  5 naga ritualists
  3 sea snakes (Snake:1)
  A lindwurm (Lair:5)
  6 mana vipers
  4 salamanders
  3 elephants (Lair:5)
  A merfolk siren (Lair:2)
  8 naga magi
  Maurice (D:9)
  3 guardian serpents
  25 black mambas
  A torpor snail (Lair:5)
  5 cane toads
  2 rime drakes
  A komodo dragon (Lair:2)
  A troll (D:9)
  A polar bear (Lair:4)
  5 blink frogs (Lair:2)
  5 dream sheep (Lair:3)
  A spriggan (Lair:2)
  3 wyverns
  Eustachio (D:5)
  35 yaks
  16 nagas
  7 water moccasins
  3 orc warriors (Bailey)
  A sky beast (D:7)
  A black bear (D:4)
  9 wolves
  A centaur (D:7)
  7 bullfrogs
  A scorpion (D:7)
  4 wights (D:8)
  2 howler monkeys (D:7)
  2 electric eels (D:9)
  4 hounds
  11 jellies
  2 orc priests
  2 iguanas
  5 gnolls
  4 adders
  A shadow imp (D:7)
  A white imp (D:6)
  A worm (D:2)
  A dart slug (D:1)
  9 orcs
  6 ball pythons
  3 bats
  4 endoplasms
  A giant cockroach (D:1)
  12 hobgoblins
  3 jackals (D:1)
  2 quokkas
  2 frilled lizards
  8 goblins
  16 kobolds
  3 rats
311 creatures vanquished.

Vanquished Creatures (collateral kills)
  A naga warrior (Snake:2)
  A salamander (Snake:1)
  A black mamba (Snake:1)
  A naga mage (Snake:1)
  3 nagas
  A bullfrog (Lair:2)
8 creatures vanquished.

Vanquished Creatures (others)
  Nikola (Shoals:1)
  2 shock serpents
  12 fungi
  28 plants
43 creatures vanquished.

Grand Total: 362 creatures vanquished

Notes
Turn   | Place    | Note
-------+----------+-------------------------------------------
     0 | D:1      | PieDemon the Meteoran Air Elementalist began the quest for
                  | the Orb.
     0 | D:1      | Reached XP level 1. HP: 14/14 MP: 5/5
   111 | D:1      | Reached XP level 2. HP: 20/20 MP: 2/6
   115 | D:1      | Learned a level 2 spell: Static Discharge
   164 | D:1      | Reached skill level 4 in Air Magic
   206 | D:1      | Reached XP level 3. HP: 26/26 MP: 5/8
   236 | D:1      | Learned a level 3 spell: Swiftness
   360 | D:2      | Reached XP level 4. HP: 17/33 MP: 4/9
   595 | D:2      | Found Qawn's Assorted Antiques.
   688 | D:3      | Found a burning altar of Makhleb.
   781 | D:3      | Found a transporter.
   784 | D:3      | Noticed Renzlar's ghost (amateur GnFi)
   786 | D:3      | Noticed an ogre
   786 | D:3      | Noticed an ogre
   815 | D:4      | Found a stormy altar of Qazlal.
   838 | D:5      | Entered Level 5 of the Dungeon
   863 | D:4      | Reached skill level 5 in Air Magic
   863 | D:4      | Reached XP level 5. HP: 38/38 MP: 7/11
   868 | D:4      | Learned a level 4 spell: Airstrike
   940 | D:4      | Noticed a black bear
   946 | D:4      | Killed a black bear
   947 | D:4      | Reached skill level 6 in Air Magic
   947 | D:4      | Reached XP level 6. HP: 45/45 MP: 7/13
  1064 | D:5      | Found a staircase to the Ecumenical Temple.
  1068 | D:5      | Noticed Eustachio
  1082 | Temple   | Entered the Ecumenical Temple
  1113 | Temple   | Became a worshipper of Ashenzari the Shackled
  1128 | D:5      | Killed Eustachio
  1129 | D:5      | Reached skill level 1 in Fighting
  1129 | D:5      | Reached skill level 7 in Air Magic
  1129 | D:5      | Reached skill level 1 in Evocations
  1129 | D:5      | Reached XP level 7. HP: 46/52 MP: 4/14
  1207 | D:5      | Found Xogafara's Antique Weapon Boutique.
  1228 | D:5      | Bought an encrusted short sword for 128 gold pieces
  1228 | D:5      | Identified the +5 short sword "Globulus" {vorpal, rF+
                  | Str+4} (You bought it in a shop on level 5 of the Dungeon)
  1238 | D:6      | Found a blossoming altar of Fedhas.
  1248 | D:7      | Found a sparkling altar of Nemelex Xobeh.
  1256 | D:7      | Identified the +9 whip of Inconvenience {venom, rElec rC-
                  | Will++ Int-5}
  1281 | D:7      | Noticed a wyvern
  1292 | D:7      | Killed a wyvern
  1293 | D:7      | Reached skill level 5 in Spellcasting
  1293 | D:7      | Reached skill level 8 in Air Magic
  1293 | D:7      | Reached XP level 8. HP: 39/62 MP: 2/16
  1406 | D:7      | Found a flagged portal.
  1424 | Bailey   | Entered a bailey
  1449 | Bailey   | Noticed an orc warlord
  1485 | Bailey   | Reached skill level 9 in Air Magic
  1485 | Bailey   | Gained mutation: You passively map the area around you.
                  | [Meteoran growth]
  1485 | Bailey   | Reached XP level 9. HP: 29/70 MP: 13/18
  1530 | Bailey   | Found a runed translucent gate.
  1546 | Bailey   | Found a runed translucent gate.
  1546 | Bailey   | Found a runed translucent gate.
  1582 | Bailey   | Killed an orc warlord
  1583 | Bailey   | Reached skill level 11 in Air Magic
  1763 | D:7      | Found a hazy altar of Hepliaklqana.
  1824 | D:8      | Found a large runed translucent door.
  1824 | D:8      | Found a large runed translucent door.
  1828 | D:8      | Reached skill level 12 in Air Magic
  1828 | D:8      | Reached XP level 10. HP: 46/80 MP: 20/20
  1847 | D:8      | Acquired the +0 pair of boots of Greater Demons {rElec
                  | Int+4}
  1905 | D:8      | Reached skill level 5 in Evocations
  1907 | D:8      | Reached skill level 5 in Fighting
  1909 | D:8      | Found a shimmering altar of Xom.
  1918 | D:8      | Found Ahim's Jewellery Emporium.
  1925 | D:9      | Noticed Maurice
  1929 | D:9      | Killed Maurice
  1930 | D:9      | Reached skill level 5 in Dodging
  1930 | D:9      | Reached * piety under Ashenzari
  1936 | D:9      | Reached skill level 13 in Air Magic
  1957 | D:10     | Entered Level 10 of the Dungeon
  1993 | D:9      | Found a staircase to the Lair.
  2007 | D:9      | Learned a level 4 spell: Iskenderun's Mystic Blast
  2008 | Lair:1   | Entered Level 1 of the Lair of Beasts
  2107 | Lair:2   | Noticed a boulder beetle
  2116 | Lair:2   | Reached XP level 11. HP: 43/89 MP: 21/21
  2146 | Lair:3   | Reached ** piety under Ashenzari
  2183 | Lair:4   | Noticed a five-headed hydra
  2183 | Lair:4   | Noticed a death yak
  2186 | Lair:4   | Killed a five-headed hydra
  2187 | Lair:4   | Reached skill level 14 in Air Magic
  2196 | Lair:3   | Reached skill level 5 in Conjurations
  2209 | Lair:3   | Learned a level 1 spell: Apportation
  2434 | Lair:2   | Reached skill level 1 in Shields
  2547 | Lair:2   | Noticed Sonja
  2550 | Lair:2   | Killed Sonja
  2551 | Lair:2   | Reached XP level 12. HP: 97/97 MP: 25/25
  2555 | Lair:2   | Found a staircase to the Shoals.
  2565 | Shoals:1 | Entered Level 1 of the Shoals
  2565 | Shoals:1 | Noticed Nikola
  2574 | Shoals:1 | Killed Nikola
  2586 | Lair:2   | Reached XP level 13. HP: 43/107 MP: 20/27
  2587 | Lair:2   | Reached skill level 10 in Spellcasting
  2587 | Lair:2   | Reached skill level 15 in Air Magic
  2587 | Lair:2   | Reached XP level 14. HP: 47/118 MP: 21/29
  2770 | Lair:5   | Entered Level 5 of the Lair of Beasts
  2800 | Lair:5   | Reached *** piety under Ashenzari
  2813 | Lair:4   | Reached skill level 10 in Evocations
  2834 | Lair:5   | Reached skill level 16 in Air Magic
  2855 | Lair:5   | Found a staircase to the Slime Pits.
  2856 | Lair:5   | Found a viscous altar of Jiyva.
  2909 | Lair:4   | Reached skill level 10 in Dodging
  2909 | Lair:4   | Reached XP level 15. HP: 107/124 MP: 30/30
  2956 | Lair:4   | Found a hide-covered altar of Uskayaw.
  2958 | Lair:4   | Found an ornate altar of the Wu Jian Council.
  2999 | Lair:3   | Found a staircase to the Snake Pit.
  3008 | Snake:1  | Entered Level 1 of the Snake Pit
  3120 | Snake:1  | Learned a level 6 spell: Starburst
  3133 | Snake:1  | Found a transporter.
  3148 | Snake:1  | Found Moahoc's Self-Improvement Boutique.
  3150 | Snake:1  | Found a transporter.
  3163 | Snake:1  | Reached skill level 1 in Fire Magic
  3393 | Snake:2  | Reached skill level 5 in Fire Magic
  3464 | Snake:1  | HP: 5/126 [poisoned by a naga warrior (splash of poison)]
  3536 | Lair:3   | Reached skill level 10 in Fighting
  3536 | Lair:3   | Reached XP level 16. HP: 79/134 MP: 31/31
  3544 | Lair:3   | Reached **** piety under Ashenzari
  3953 | Snake:3  | Reached skill level 10 in Fire Magic
  3970 | Snake:2  | Noticed a nagaraja
  3980 | Snake:2  | Killed a nagaraja
  3993 | Snake:2  | Found Jequnel's Distillery.
  3993 | Snake:2  | Found Cen Nerph's Antique Armour Emporium.
  4009 | Snake:2  | HP: 7/141 [poisoned by a naga ritualist (toxic radiance)]
  4119 | Snake:2  | Found a white marble altar of Elyvilon.
  4139 | Snake:3  | Noticed a nagaraja
  4146 | Snake:3  | Killed a nagaraja
  4204 | Snake:3  | Noticed Aizul
  4205 | Snake:3  | Noticed a nagaraja
  4214 | Snake:3  | HP: 5/141 [nagaraja/splash of poison (4)]
  4215 | Snake:3  | Killed a nagaraja
  4215 | Snake:3  | HP: 2/141 [/static electricity (1)]
  4215 | Snake:3  | Killed from afar by themself

Illustrated notes

Levels and vault maps discovered:
D:1:      spicycebolla_arrival_ecumenical, layout_loops_ring
D:2:      layout_loops_corners, serial_shops, shop
D:3:      layout_loops_ring, mainiacjoe_overflow_cross_hatched,
          gammafunk_ghost_smash, st_stairs_6
D:4:      layout_cave_pods, old_standard_altar,
          nicolae_qazlal_general_emergency, kennysheep_generic_room_12
D:5:      layout_gridville, minmay_temple_entry_proselytizer, serial_shops,
          shop_coins, hangedman_minor_gate_pass, uniq_eustachio
D:6:      layout_loops_ring, trog_antimagical, lemuel_tele_altar,
          fedhas_altar_1, mainiacjoe_overflow_catwalk_spiral,
          lemuel_flamethrower_2
D:7:      layout_loops_cross, mainiacjoe_overflow_alcove_1,
          nemelex_xobeh_ov_fountains_minmay, nicolae_hepliaklqana_hazy_memory,
          enter_bailey_7, chequers_jeans
D:8:      layout_cave_pools, mainiacjoe_overflow_concentric_impassable,
          serial_shops, nicolae_shop_behind_doors, ebering_ghost_disaster_area,
          uniq_maggie, uniq_grum
D:9:      layout_long_grid, grunt_gozag_statues, erik_lair_island, serial_shops,
          nicolae_shop_behind_doors, special_room [special_room_bee],
          evilmike_butchery, uniq_maurice, uniq_erolcha
D:10:     layout_cross, nicolae_trove_entry_diagonal
Temple:   nicolae_temple_bog_church
Lair:1:   layout_layer_cave
Lair:2:   layout_small_grid, minmay_shoals_entry_lonely_mermaid, wad_woods_03,
          infiniplex_staircase_pool_2, uniq_sonja
Lair:3:   layout_gridlike, guppyfry_snake_entry_garden, serial_bayou_shore_b,
          grunt_megastairs_1
Lair:4:   beast_lair_carwin_large_3, layout_cave_pods,
          nzn_masters_of_martial_movement
Lair:5:   hangedman_lair_caniforms_friends, layout_gridlike,
          minmay_slime_entry_jelly_boxes, kilobyte_rumbling_trees,
          grunt_megastairs_3
Shoals:1: layout_shoals, serial_shops, nicolae_square_shop, uniq_nikola
Snake:1:  gammafunk_the_bubble [the_bubble_gammafunk_crates],
          layout_onion_interference, nicolae_shop_self_help,
          serial_bayou_shore_a
Snake:2:  minmay_snake_river, layout_misc_corridors, basic_altar,
          minmay_shoptagon
Snake:3:  nicolae_aizul_guard, layout_rooms, serial_nicolae_subway,
          nicolae_sub_station_crystal, nicolae_sub_station_metal,
          nicolae_sub_station_stone

Skill      XL: |  1  2  3  4  5  6  7  8  9 10 11 12 13 14 15 16 |
---------------+-------------------------------------------------+-----
Air Magic      | 4 5 6 7 8 9 12 13 14 15 16 | 16.9
Spellcasting   | 3 4 5 6 8 9 10 | 10.9
Conjurations   | 2 8 11 | 11.6
Dodging        | 3 5 6 8 10 11 12 | 12.3
Fighting       | 1 2 3 4 6 8 9 10 | 10.7
Evocations     | 1 2 4 6 7 8 10 12 | 12.0
Shields        | 2 3 4 |  4.2
Fire Magic     | 6 10 | 10.1
Stealth        | |  1.4

Action                   |  1- 3 |  4- 6 |  7- 9 | 10-12 | 13-15 | 16-18 || total
-------------------------+-------+-------+-------+-------+-------+-------++-------
Melee: Whip              |    13 |     1 |       |       |       |       ||    14
       Short sword       |       |       |     8 |     4 |    16 |       ||    28
 Cast: Shock             |    41 |    49 |    66 |    31 |    19 |       ||   206
       Static Discharge  |     2 |     4 |    25 |    42 |    77 |    38 ||   188
       Airstrike         |       |     4 |    10 |    43 |    88 |    52 ||   197
       Iskenderun's Myst |       |       |       |     1 |     5 |     2 ||     8
       Starburst         |       |       |       |       |     6 |     9 ||    15
       Swiftness         |       |       |       |       |     1 |     3 ||     4
Invok: Curse Item        |       |       |     1 |     3 |     1 |     1 ||     6
Evoke: Wand              |       |       |       |     4 |     3 |       ||     7
  Use: Scroll            |       |     3 |     3 |     3 |     1 |     3 ||    13
       Potion            |       |       |       |     2 |     6 |     1 ||     9
Armor: Robe              |    10 |     3 |     3 |     7 |    13 |     7 ||    43
Dodge: Dodged            |    16 |     3 |    16 |    23 |    66 |    44 ||   168
Block: Buckler           |       |       |       |       |    30 |    13 ||    43
       Kite shield       |       |       |       |       |       |     2 ||     2
